 Dungeon Crawl Stone Soup version 0.32-a0-656-g3542139ebd (webtiles) character file.

Game seed: 7581322450223343323

150 BubbleThief the Charlatan (level 5, 0/27 HPs)
             Began as a Spriggan Artificer on Mar 8, 2024.
             Succumbed to an adder's poison
             ... on level 2 of the Dungeon.
             The game lasted 00:04:13 (2181 turns).

BubbleThief the Charlatan (Spriggan Artificer)      Turns: 2181, Time: 00:04:13

Health: 0/27       AC:  2    Str:  8    XL:     5   Next: 10%
Magic:  6/6        EV: 19    Int: 12    God:
Gold:   61         SH:  0    Dex: 18    Spells: 4/4 levels left

rFire   . . .        n - +0 dagger
rCold   . . .        (no shield)
rNeg    . . .        b - +0 robe
rPois   .            (helmet restricted)
rElec   .            (no cloak)
rCorr   +            (gloves unavailable)
SInv    +            (boots unavailable)
Will    +....        (no amulet)
Stlth   ++           h - ring of willpower
HPRegen 0.24/turn    r - ring of resist corrosion
MPRegen 0.10/turn

%: no passive effects
@: lethally poisoned (0 -> -1), very quick
A: very small, no large weapons, unfitting armour, see invisible, speed 3
a: no special abilities


You were on level 2 of the Dungeon.
You visited 1 branch of the dungeon, and saw 3 of its levels.

You collected 61 gold pieces.

Inventory:

Hand Weapons
 n - a +0 dagger (weapon)
 o - a +0 sling
Armour
 b - a +0 robe (worn)
Jewellery
 h - a ring of willpower (left hand)
 r - a ring of resist corrosion (right hand)
Wands
 c - a wand of flame (6) (quivered)
 d - a wand of charming (15)
 e - a wand of iceblast (5)
Scrolls
 f - 2 scrolls of noise {unknown}
 i - 3 scrolls of identify {unknown}
 j - 2 scrolls of immolation {unknown}
 l - 3 scrolls of enchant weapon {unknown}
 p - a scroll of amnesia {unknown}
 s - a scroll of fear {unknown}
Potions
 a - a potion of enlightenment {unknown}
 g - 2 potions of resistance {unknown}
 k - 2 potions of heal wounds {unknown}
 m - a potion of degeneration {unknown}
 q - a potion of lignification {unknown}


   Skills:
 + Level 2.4 Fighting
 + Level 4.9 Dodging
 - Level 1.5 Stealth
 + Level 5.5 Evocations


You had 4 spell levels left.
You didn't know any spells.
Your spell library contained the following spells:

 Spells                   Type           Power      Damage    Failure   Level
 Sting                    Conj/Alch      0%         1d3       32%         1
 Mercury Vapours          Alch/Air       0%         N/A       45%         2
 Olgreb's Toxic Radiance  Alch           0%         N/A       97%         4


Dungeon Overview and Level Annotations

Branches:
Dungeon (3/15)

Altars:


Innate Abilities, Weirdness & Mutations

You are very small and have problems with some larger weapons.
You are too small for most types of armour.
You have supernaturally acute eyesight. (SInv)
You cover ground extremely quickly. (Speed+++)


Message History

You are poisoned.
The adder poisons you!
Unknown command.
You hit the adder.
The adder is almost dead.
You feel sick. The adder closely misses you. The adder barely misses you.
Unknown command.
You miss the adder.
The adder is almost dead.
You feel sick. The adder closely misses you.
You closely miss the adder.
The adder is severely wounded.
You feel sick. The adder completely misses you.
You hit the adder.
The adder is almost dead.
You feel sick. The adder bites you.
You are more poisoned.
The adder poisons you!
You closely miss the adder.
The adder is almost dead.
You feel sick. The adder closely misses you. The adder bites you.
You are more poisoned.
The adder poisons you!
You hit the adder.
You kill the adder!
You feel very sick.
You feel sick.
You now have 61 gold pieces (gained 9).
You feel sick.
You feel sick.
You feel sick.
You feel sick.
You feel sick.
You feel sick.
There is an escape hatch in the ceiling here.
You feel sick.
The gnoll shouts!
You hear a shout!
The gnoll hits you from afar with a +0 spear.
* * * LOW HITPOINT WARNING * * *
A mysterious force pulls you upwards. The hatch slams shut behind you.
You die...

..........##)#
###.#########.##.#
..........##.# #.#
###.....##..
....†.....##.#
#.###.........##
...†.........#
###.....##......'.
..^###########
#.....####......##
...#
#...>....#......#
...#
#.....##.#......##
...#
#.....##.#........
...#
#@....##.#......†.
...#
########.#........
...# #..........
#### ######.....
#..... #.....
#..... #.....
#.....


There were no monsters in sight!

Vanquished Creatures
  An ogre (D:3)
  An adder (D:3)
  A dart slug (D:2)
  3 ribbon worms (D:2)
  5 ball pythons
  6 endoplasms
  3 giant cockroaches
  A goblin (D:2)
  3 hobgoblins
  6 kobolds
  2 quokkas
  11 bats
  2 frilled lizards
  7 rats
52 creatures vanquished.

Notes
Turn   | Place    | Note
-------+----------+-------------------------------------------
     0 | D:1      | BubbleThief the Spriggan Artificer began the quest for the
                  | Orb.
     0 | D:1      | Reached XP level 1. HP: 9/9 MP: 2/2
    43 | D:1      | Reached skill level 1 in Fighting
   234 | D:1      | Reached XP level 2. HP: 14/14 MP: 3/3
  1316 | D:2      | Reached XP level 3. HP: 18/18 MP: 4/4
  1774 | D:2      | Found a faded altar of an unknown god.
  2099 | D:3      | Noticed an ogre
  2105 | D:3      | Killed an ogre
  2106 | D:3      | Reached skill level 5 in Evocations
  2106 | D:3      | Reached XP level 4. HP: 23/23 MP: 5/5
  2106 | D:3      | Reached XP level 5. HP: 27/27 MP: 6/6
  2180 | D:3      | HP: 1/27 [gnoll/+0 spear[a gnoll sergeant] (3)]
  2181 | D:2      | Succumbed to an adder's poison

Illustrated notes

Levels and vault maps discovered:
D:1:      eino_arrival_water_star, layout_loops_corners, minmay_hexomino_u4
D:2:      layout_basic, dreamdust_ecumenical_altar_statues
D:3:      layout_loops_corners, minmay_misc_feat_enclosed

Skill      XL: |  1  2  3 |
---------------+----------+-----
Fighting       | 1 2 |  2.4
Dodging        | 4 |  4.9
Evocations     | 5 |  5.5
Stealth        | |  1.5

Action                     |  1- 3 |  4- 6 || total
---------------------------+-------+-------++-------
  Melee: Club              |    69 |       ||    69
         Dagger            |   115 |     7 ||   122
   Fire: Sling             |   100 |     1 ||   101
  Evoke: Wand              |     9 |       ||     9
   Stab: Sleeping          |     2 |     1 ||     3
 Armour: Robe              |    87 |     4 ||    91
  Dodge: Dodged            |   196 |     5 ||   201

Table legend: (Time is in decaauts)
 A = Elapsed time spent in this place.
 B = Non-inter-level travel time spent in this place.
 C = Inter-level travel time spent in this place.
 D = Time resting spent in this place.
 E = Time spent auto-exploring this place.
 F = Levels seen in this place.
 G = Mean time per level.
                   A        B        C        D        E       F      G
               +--------+--------+--------+--------+--------+-----+--------+
         Total |   1598 |   1580 |     18 |      0 |   1037 |   3 |  532.7 |
       Dungeon |   1598 |   1580 |     18 |      0 |   1037 |   3 |  532.7 |
               +--------+--------+--------+--------+--------+-----+--------+

Top non-repeatable levels by time:
     D:1: 766 daAuts
     D:2: 623 daAuts
     D:3: 208 daAuts
